 Dungeon Crawl Stone Soup version 0.27-a0-1280-g9d2d252d84 (webtiles) character file.

Game seed: 3327140523367121977

7719 Glokmah the Thaumaturge (level 11, -10/78 HPs)
             Began as a Djinni Ice Elementalist on June 13, 2021.
             Was a Believer of Dithmenos.
             Mangled by a boulder beetle (27 damage)
             ... on level 1 of the Lair of Beasts.
             The game lasted 00:31:17 (14626 turns).

Glokmah the Thaumaturge (Djinni Ice Elementalist)  Turns: 14626, Time: 00:31:18

Health: -10/78     AC:  8    Str: 10    XL:     11   Next: 42%
Gold:   587        EV: 14    Int: 18    God:    Dithmenos [**....] SH:  5 Dex: 13

rFire    + + +     SeeInvis .   b - +3 dagger (elec)
rCold    x . .     Faith    .   z - +0 buckler
rNeg     . . .     Spirit   .   u - +1 robe {Archmagi}
rPois    ∞         Reflect  .   r - +1 helmet
rElec    .         Harm     .   s - +1 cloak
rCorr    .         Rampage  .   H - +0 pair of gloves
Will     +....                  (boots unavailable)
Stlth    ++++......             d - amulet of the acrobat
HPRegen  0.23/turn              j - ring of protection from fire
MPRegen  0.00/turn              (no ring)

@: about to teleport, flying, wreathed by umbra
A: sickness immunity, fire resistance 2, cold vulnerability 1, float, innate
caster, hp casting, extra vitality 1
a: Renounce Religion, Shadow Step


You were on level 1 of the Lair of Beasts.
You worshipped Dithmenos.
Dithmenos was pleased with you.
You visited 3 branches of the dungeon, and saw 10 of its levels.
You also visited: Sewer and Ossuary.

You collected 587 gold pieces.

Inventory:

Hand Weapons
 a - a +2 short sword of speed
 b - a +3 dagger of electrocution (weapon)
 I - the +7 whip of Asum {vorpal, +Blink rElec Will- Dex+5}
   (You found it on level 1 of the Lair of Beasts)

   It inflicts extra damage upon your enemies.
   It affects your dexterity (+5).
   It insulates you from electricity.
   It lets you blink.
   It decreases your willpower.
Missiles
 c - 5 boomerangs
 e - 263 stones
 l - 15 poisoned darts
 o - 2 throwing nets
Armour
 r - a +1 helmet (worn)
 s - a +1 cloak (worn)
 u - a +1 robe of the Archmagi (worn)
 z - a +0 buckler (worn)
 H - a +0 pair of gloves (worn)
Magical Staves
 k - a staff of earth
 A - a staff of fire
Jewellery
 d - an amulet of the acrobat (around neck)
 j - a ring of protection from fire (left hand)
 F - a ring of protection from fire
Wands
 q - a wand of mindburst (8)
 x - a wand of polymorph (6)
 C - a wand of iceblast (1)
 G - a wand of flame (20)
Scrolls
 w - 3 scrolls of teleportation
 y - a scroll of magic mapping
 B - 2 scrolls of identify
Potions
 f - 12 potions of curing
 g - 3 potions of degeneration
 h - 4 potions of flight
 i - a potion of berserk rage {unknown}
 m - 3 potions of heal wounds
 n - 5 potions of brilliance
 p - 4 potions of might
 t - 3 potions of ambrosia
 v - 2 potions of mutation
 D - a potion of attraction {unknown}
 E - 3 potions of haste


   Skills:
 + Level 6.6 Fighting
 * Level 6.5 Short Blades
 - Level 5.2 Dodging
 * Level 7.3 Stealth
 - Level 4.0 Shields
 * Level 8.2 Spellcasting


You couldn't memorise any spells.
You knew the following spells:

 Your Spells              Type           Power      Damage    Failure   Level
a - Freeze                Ice            100%       1d11      1%          1
b - Frozen Ramparts       Ice            100%       1d12      1%          3
c - Ozocubu's Armour      Ice            54%        N/A       1%          3
d - Hailstorm             Conj/Ice       54%        3d12      3%          4
e - Metabolic Englaciati  Hex/Ice        27%        N/A       9%          5
f - Beastly Appendage     Tmut           100%       N/A       1%          1
g - Poisonous Vapours     Pois/Air       100%       N/A       1%          2
h - Ensorcelled Hibernat  Hex/Ice        100%       N/A       1%          2
i - Spider Form           Tmut/Pois      27%        N/A       1%          3
j - Agony                 Necr           54%        N/A       9%          5
Your spell library was empty.

Dungeon Overview and Level Annotations

Branches:
Dungeon (8/15)             Temple (1/1) D:4            Lair (1/6) D:8
  Sewer (visited)         Ossuary (visited)

Altars:
Ashenzari
Cheibriados
Dithmenos
Elyvilon
Fedhas
Gozag
Hepliaklqana
Kikubaaqudgha
Makhleb
Nemelex Xobeh
Okawaru
Qazlal
Ru
Sif Muna
Trog
Uskayaw
Vehumet
Wu Jian
Xom
Yredelemnul
Zin
The Shining One

Shops:
D:1 !   D:2 [   D:5 (

Annotations:
D:5 Menkaure


Innate Abilities, Weirdness & Mutations

You are immune to sickness and miasma.
You are immune to poison.
Your flesh is very heat resistant. (rF++)
You are vulnerable to cold. (rC-)
You float through the air rather than walking.
You learn spells naturally, not from books.
Your magical power is your life essence.
You have superior vitality. (+4 HP)


Message History

You start resting.
The frozen ramparts melt away.
You start resting.
Your icy armour starts to melt.
You start resting.
Your icy armour evaporates.
The web tears apart.
You start resting.
HP restored.
You see here a +1 hat.
Okay, then.
You see here the +7 whip of Asum {vorpal, +Blink rElec Will- Dex+5}.
I - the +7 whip of Asum {vorpal, +Blink rElec Will- Dex+5}
Found a golden ring.
Press: ? - help, v - describe, . - travel, g - get item Item here: a golden ring.
The floor.
Unknown command.
The lava snake hisses angrily.
As you open the gate, it creaks loudly!
A boulder beetle is nearby!
Casting: Freeze (safe; 1% risk of failure)
Confirm with . or Enter, or press ? or * to list all spells.
Aiming: Ensorcelled Hibernation (safe; 1% risk of failure)
Press: ? - help, Shift-Dir - straight line, f - boulder beetle
Aim: a boulder beetle (umbra, chance to affect: 55%)
Okay, then.
The boulder beetle curls into a ball and begins rolling!
Aiming: Shadow Step
Press: ? - help, Dir - move target, f - boulder beetle
Aim: a boulder beetle (rolling, umbra)
You step into the boulder beetle's shadow.
You will no longer bleed smoke.
The boulder beetle hits you!!!
Ouch! That really hurt!
* * * LOW HITPOINT WARNING * * *
The boulder beetle stops rolling and uncurls.
As you read the scroll of teleportation, it crumbles to dust.
You feel strangely unstable. The boulder beetle bites you!!
You die...

#...................##
####P#..#....#.#..##.##
.## ##################.##
#..# ##..# ###..## ###
#...# ### ......# ##.##
##..##..# ...... ###
#...# #..P#... ...#.#
#≈≈≈####B#.# ##.......
.....## #§§§#.'#@#.####
#........ ......#
#S§=+.'.##.[÷.###........
.....##
#§§§#.'#####.#.'....S....
.....P# #§§§###
#.#.###....... .....##
### #.#.##....S...
......# ##.####.......
.....## ### ....###.
......# #....# . #.....#
##...# #


You could see a boulder beetle and a lava snake (wandering).

Vanquished Creatures
  The ghost of wpisznazwe the Destroyer, a novice GnCj of Sif Muna (Lair:1)
  Pikel (D:6)
  A deep elf pyromancer (D:8)
  A wolf spider (Lair:1)
  A black mamba (Lair:1)
  Joseph (D:7)
  A jumping spider (Lair:1)
  8 yaks (Lair:1)
  A redback (Lair:1)
  Sigmund (D:3)
  Grum (D:8)
  Eustachio (D:4)
  4 water moccasins
  2 ice beasts
  5 black bears
  3 wolves (D:8)
  An ogre (D:6)
  A necrophage (D:6)
  A centaur (D:7)
  A phantom (D:5)
  6 bullfrogs
  A gnoll sergeant (D:8)
  3 howler monkeys (D:8)
  A centaur zombie (D:6)
  A gnoll shaman (D:6)
  2 orc priests
  Crazy Yiuf (D:3)
  3 hounds
  2 jellies
  2 centaur skeletons
  Ijyb (D:4)
  An iguana (D:4)
  6 orc wizards
  A killer bee zombie (D:5)
  4 mummies
  Robin (D:3)
  12 gnolls
  2 howler monkey zombies
  5 adders
  2 river rats (Sewer)
  2 shadow imps
  2 ufetubi (D:7)
  3 adder zombies (Ossuary)
  A worm (D:3)
  4 dart slugs
  28 orcs
  8 endoplasms
  2 giant cockroaches
  10 goblins
  7 hobgoblins
  5 jackals (D:1)
  A quokka (D:4)
  14 ball pythons
  9 bats
  A frilled lizard (D:1)
  2 goblin zombies
  3 hobgoblin zombies
  23 kobolds
  3 kobold zombies (Ossuary)
  7 quokka zombies (Ossuary)
  30 rats
  2 rat zombies (Ossuary)
261 creatures vanquished.

Vanquished Creatures (others)
  A fungus (Lair:1)
  2 withered plants (Lair:1)
3 creatures vanquished.

Grand Total: 264 creatures vanquished

Notes
Turn   | Place    | Note
-------+----------+-------------------------------------------
     0 | D:1      | Glokmah the Djinni Ice Elementalist began the quest for the
                  | Orb.
     0 | D:1      | Reached XP level 1. HP: 15/15 MP: 0/0
   190 | D:1      | Reached XP level 2. HP: 18/22 MP: 0/0
   648 | D:1      | Found a faded altar of an unknown god.
   733 | D:1      | Reached skill level 1 in Fighting
   743 | D:1      | Reached XP level 3. HP: 27/27 MP: 0/0
   743 | D:1      | Learned a level 1 spell: Beastly Appendage
  1133 | D:1      | Found Nuilirph's Distillery.
  1445 | D:2      | Found Paleo's Armour Shoppe.
  1684 | D:2      | Reached XP level 4. HP: 31/32 MP: 0/0
  2281 | D:3      | Found a glowing drain.
  2291 | Sewer    | Entered a sewer
  2443 | Sewer    | Reached skill level 4 in Spellcasting
  2687 | Sewer    | Reached XP level 5. HP: 13/38 MP: 0/0
  2687 | Sewer    | Learned a level 2 spell: Poisonous Vapours
  3511 | D:3      | Reached XP level 6. HP: 8/45 MP: 0/0
  3512 | D:3      | Noticed Robin
  3524 | D:3      | Killed Robin
  3980 | D:3      | Noticed Sigmund
  3993 | D:3      | Killed Sigmund
  3994 | D:3      | Reached skill level 5 in Spellcasting
  3994 | D:3      | Reached XP level 7. HP: 47/50 MP: 0/0
  3994 | D:3      | Learned a level 2 spell: Ensorcelled Hibernation
  4474 | D:3      | Found a runed translucent door.
  4475 | D:3      | Noticed Crazy Yiuf
  4484 | D:3      | Killed Crazy Yiuf
  4886 | D:4      | Noticed Ijyb
  4892 | D:4      | Killed Ijyb
  5210 | D:4      | Noticed Eustachio
  5230 | D:4      | Killed Eustachio
  5449 | D:4      | Found a staircase to the Ecumenical Temple.
  5479 | Temple   | Entered the Ecumenical Temple
  6281 | Temple   | Became a worshipper of Dithmenos the Shadowed
  6380 | D:4      | Reached skill level 1 in Short Blades
  6553 | D:4      | Reached XP level 8. HP: 36/57 MP: 0/0
  6946 | D:5      | Entered Level 5 of the Dungeon
  7086 | D:5      | Reached skill level 5 in Dodging
  7508 | D:5      | Found a glowing silver altar of Zin.
  7587 | D:5      | Found Vylaptat's Antique Weapon Shop.
  7807 | D:5      | Noticed Menkaure
  8344 | D:6      | Reached * piety under Dithmenos
  8472 | D:6      | Noticed Pikel
  8484 | D:6      | Reached skill level 1 in Shields
  8484 | D:6      | Reached skill level 6 in Spellcasting
  8484 | D:6      | Killed Pikel
  8485 | D:6      | Reached XP level 9. HP: 37/63 MP: 0/0
  8485 | D:6      | Learned a level 3 spell: Spider Form
  9590 | D:6      | Reached skill level 5 in Fighting
 10202 | D:7      | Noticed Joseph
 10830 | D:7      | Identified the +6 long sword "Webli" {drain, *Corrode rPois
                  | SInv}
 10951 | D:7      | Killed Joseph
 10952 | D:7      | Reached skill level 5 in Stealth
 10952 | D:7      | Reached skill level 7 in Spellcasting
 10952 | D:7      | Reached XP level 10. HP: 51/70 MP: 0/0
 11664 | D:8      | Found a sand-covered staircase.
 11676 | Ossuary  | Entered an ossuary
 11869 | Ossuary  | Reached ** piety under Dithmenos
 12394 | D:8      | Noticed Grum
 12401 | D:8      | Killed Grum
 12544 | D:8      | Identified the +7 war axe "Newt's Nightmare" {vorpal, Drain
                  | rElec rPois Int+2}
 12649 | D:8      | Found a staircase to the Lair.
 12796 | D:8      | Noticed a deep elf pyromancer
 12802 | D:8      | Killed a deep elf pyromancer
 12921 | D:8      | Reached skill level 5 in Short Blades
 12961 | Lair:1   | Entered Level 1 of the Lair of Beasts
 13246 | Lair:1   | Found a runed translucent door.
 13246 | Lair:1   | Noticed wpisznazwe's ghost (novice GnCj)
 13359 | Lair:1   | Reached XP level 11. HP: 22/76 MP: 0/0
 13359 | Lair:1   | Learned a level 5 spell: Agony
 13995 | Lair:1   | Killed wpisznazwe's ghost
 13996 | Lair:1   | Reached skill level 8 in Spellcasting
 14238 | Lair:1   | Found a runed translucent door.
 14238 | Lair:1   | Noticed a wolf spider
 14256 | Lair:1   | Killed a wolf spider
 14437 | Lair:1   | Reached *** piety under Dithmenos
 14612 | Lair:1   | Identified the +7 whip of Asum {vorpal, +Blink rElec Will-
                  | Dex+5}
 14617 | Lair:1   | Noticed a boulder beetle
 14626 | Lair:1   | Mangled by a boulder beetle

Illustrated notes

Levels and vault maps discovered:
D:1:      amcnicky_arrival_gap_in_the_tavern_cellar, layout_loops_cross,
          serial_shops, nicolae_shop_behind_doors, ebering_ecumenical_altar_webs
D:2:      layout_basic, serial_shops, shop
D:3:      layout_loops_cross, cheibrodos_sewer_entry_drain, uniq_robin,
          uniq_sigmund, uniq_crazy_yiuf_cottage
D:4:      layout_loops_cross, minmay_temple_entry_stoned_glass,
          kennysheep_generic_room_13, uniq_eustachio, uniq_ijyb
D:5:      layout_loops_ring, zin_academy, serial_shops, shop, uniq_menkaure
D:6:      layout_basic, uniq_pikel
D:7:      layout_loops_corners, kennysheep_generic_room_12, uniq_joseph
D:8:      layout_loops_corners, lair_entry_dummy, nicolae_ossuary_entry_giza,
          uniq_grum
Temple:   nicolae_temple_the_god_donut
Lair:1:   gammafunk_indiana_jones, layout_hall_layers, gammafunk_ghost_grave,
          st_stairs_10, beast_lair_carwin_9

Skill      XL: |  1  2  3  4  5  6  7  8  9 10 11 |
---------------+----------------------------------+-----
Fighting       | 1 2 3 4 5 6 |  6.6
Dodging        | 3 4 5 |  5.2
Spellcasting   | 4 5 6 7 8 |  8.2
Stealth        | 2 3 5 6 7 |  7.3
Short Blades   | 1 3 4 5 6 |  6.5
Shields        | 2 3 4 |  4.0

Action                   |  1- 3 |  4- 6 |  7- 9 | 10-12 || total
-------------------------+-------+-------+-------+-------++-------
Melee: Short sword       |    55 |    32 |   115 |       ||   202
       Whip              |       |    41 |    27 |       ||    68
       Headbutt          |       |     2 |    10 |     6 ||    18
       Dagger            |       |       |    57 |   120 ||   177
       Unarmed           |       |       |     8 |     8 ||    16
 Cast: Freeze            |    30 |    14 |     6 |    15 ||    65
       Beastly Appendage |     1 |     3 |     5 |     3 ||    12
       Frozen Ramparts   |       |    14 |    17 |     9 ||    40
       Ozocubu's Armour  |       |     7 |    13 |     8 ||    28
       Poisonous Vapours |       |     6 |    19 |       ||    25
       Ensorcelled Hiber |       |       |    26 |    16 ||    42
       Hailstorm         |       |       |    11 |    14 ||    25
       Spider Form       |       |       |     2 |     1 ||     3
       Metabolic Englaci |       |       |       |     1 ||     1
Invok: Shadow Step       |       |       |       |     1 ||     1
  Use: Scroll            |       |     4 |    15 |    10 ||    29
       Potion            |       |     1 |     2 |       ||     3
 Stab: Sleeping          |     1 |     1 |    18 |    18 ||    38
       Invisible         |       |       |     1 |       ||     1
Armor: Leather armour    |    11 |    17 |     3 |       ||    31
       Robe              |       |       |    45 |    38 ||    83
       Skin              |       |       |       |     5 ||     5
Dodge: Dodged            |    46 |    89 |   157 |   137 ||   429
Block: Buckler           |       |       |       |    11 ||    11

Table legend: (Time is in decaauts)
 A = Elapsed time spent in this place.
 B = Non-inter-level travel time spent in this place.
 C = Inter-level travel time spent in this place.
 D = Time resting spent in this place.
 E = Time spent auto-exploring this place.
 F = Levels seen in this place.
 G = Mean time per level.
                   A        B        C        D        E       F      G
               +--------+--------+--------+--------+--------+-----+--------+
         Total |  14537 |  13713 |    824 |   2794 |   8615 |  12 | 1211.4 |
       Dungeon |  11073 |  10417 |    656 |   1778 |   6931 |   8 | 1384.1 |
        Temple |    811 |    658 |    153 |      0 |    656 |   1 |  811.0 |
          Lair |   1243 |   1228 |     15 |    666 |    356 |   1 | 1243.0 |
         Sewer |   1132 |   1132 |      0 |    307 |    576 |   1 | 1132.0 |
       Ossuary |    276 |    276 |      0 |     43 |     96 |   1 |  276.0 |
               +--------+--------+--------+--------+--------+-----+--------+

Top non-repeatable levels by time:
     D:6: 1822 daAuts
     D:7: 1507 daAuts
     D:8: 1454 daAuts
     D:1: 1414 daAuts
     D:4: 1384 daAuts
     D:3: 1372 daAuts
     D:5: 1291 daAuts
  Lair:1: 1243 daAuts
   Sewer: 1132 daAuts
     D:2: 825 daAuts
  Temple: 811 daAuts
 Ossuary: 276 daAuts
